 Dungeon Crawl Stone Soup version 0.21.1-1-g345015f (webtiles) character file.

882 Galewin the Cleaver (level 7, -12/58 HPs)
             Began as a Minotaur Berserker on Mar 27, 2018.
             Was a Priest of Trog.
             Mangled by a small abomination (20 damage)
             ... on level 1 of the Abyss.
             The game lasted 00:06:13 (2956 turns).

Galewin the Cleaver (Minotaur Berserker)            Turns: 2956, Time: 00:06:14

Health: -12/58     AC:  3    Str: 24      XL:     7   Next: 76%
Magic:  6/6        EV: 12    Int:  4      God:    Trog [***...]
Gold:   172        SH:  0    Dex:  7 (9)  Spells: 6/6 levels left

rFire    . . .     SeeInvis .   a - +0 hand axe
rCold    . . .     Gourm    .   (no shield)
rNeg     . . .     Faith    .   b - +0 animal skin
rPois    .         Spirit   .   (helmet restricted)
rElec    .         Reflect  .   (no cloak)
rCorr    .         Harm     .   (no gloves)
MR       .....                  i - +0 pair of boots (curse)
Stlth    +.........             (no amulet)
HPRegen  0.19/turn              (no ring)
MPRegen  0.10/turn              (no ring)

@: about to teleport
A: retaliatory headbutt, horns 2
a: Berserk, Trog's Hand, Burn Spellbooks, Renounce Religion


You were on level 1 of the Abyss.
You worshipped Trog.
Trog was most pleased with you.
You were not hungry.

You visited 1 branch of the dungeon, and saw 4 of its levels.
You visited the Abyss 1 time.

You collected 172 gold pieces.

Inventory:

Hand Weapons
 a - a +0 hand axe (weapon)
Armour
 b - a +0 animal skin (worn)
 i - a cursed +0 pair of boots (worn)
Jewellery
 n - a +2 ring of slaying {unknown}
Scrolls
 d - a scroll of teleportation
 e - a scroll of noise {unknown}
 f - a scroll of amnesia {unknown}
 g - a scroll of fog {unknown}
 p - 2 scrolls of enchant armour {unknown}
 q - a scroll of immolation {unknown}
 r - a scroll of magic mapping {unknown}
 s - 2 scrolls of blinking {unknown}
 u - a scroll of identify {unknown}
 v - a scroll of enchant weapon {unknown}
 w - a scroll of random uselessness {unknown}
Potions
 h - a potion of ambrosia {unknown}
 j - a potion of flight {unknown}
 k - a potion of curing {unknown}
 l - 2 potions of heal wounds {unknown}
 m - a potion of lignification {unknown}
 o - a potion of haste {unknown}
Comestibles
 c - 6 rations
 t - 10 chunks of flesh


   Skills:
 - Level 3.9 Fighting
 * Level 10.9 Axes
 - Level 2.5 Armour
 - Level 2.3 Dodging


You had 6 spell levels left.
You didn't know any spells.

Dungeon Overview and Level Annotations

Branches:
Dungeon (4/15)
 Temple: D:4-7

Altars:
Nemelex Xobeh
Ru
Vehumet
Zin


Innate Abilities, Weirdness & Mutations

You reflexively headbutt those who attack you in melee.
You have a pair of horns on your head.


Message History

This branch contains the abyssal rune of Zot.
You start resting.
You recover from your berserk rage.
You start resting.
Some of the chunks of flesh in your inventory have rotted away.
A small abomination comes into view.
The small abomination hits you!
* * * LOW HITPOINT WARNING * * *
A large abomination comes into view.
The large abomination moves out of view.
Found a gateway leading deeper into the Abyss.
The small abomination barely misses you.
Press: ? - help, v - describe, . - travel A gateway leading deeper into the Abyss.
A wretched star comes into view.
As you read the scroll of teleportation, it crumbles to dust.
You feel strangely unstable.
You feel the power of the Abyss delaying your translocation!
The small abomination hits you!!
You die...

.#..#.....
..# ...
.#####..##
.####
#.....#.# .
#......##
#...#..# #
#...#..#
.#..#......##
#......x#...#
#>.##...@####
#.#.X...#
###...##.#
....# ..*...
...###.# ....
.# ....# #.


You could see a wretched star, a large abomination and a small abomination.

Vanquished Creatures
  Sigmund (D:2)
  An orc warrior (D:4)
  A big kobold (D:4)
  A bullfrog (D:4)
  A scorpion (D:4)
  A howler monkey (D:4)
  A crimson imp (D:3)
  A quasit (D:4)
  A hound (D:4)
  An orc wizard (D:3)
  An iguana (D:4)
  Natasha (twice) (D:4)
  2 worker ants
  2 howler monkey skeletons
  8 adders
  2 worms
  4 dart slugs
  2 leopard geckos (D:1)
  12 orcs
  5 giant cockroaches
  3 hobgoblins (D:1)
  A jackal (D:2)
  5 kobolds
  2 quokkas
  2 ball pythons (D:1)
  A bat (D:3)
  4 frilled lizards
  5 goblins
  12 rats
85 creatures vanquished.

Notes
Turn   | Place    | Note
-------+----------+-------------------------------------------
     0 | D:1      | Galewin the Minotaur Berserker began the quest for the Orb.
     0 | D:1      | Reached XP level 1. HP: 19/19 MP: 0/0
   211 | D:1      | Reached XP level 2. HP: 13/27 MP: 1/1
   216 | D:1      | Reached skill level 4 in Axes
   781 | D:1      | Reached ** piety under Trog
   973 | D:2      | Reached XP level 3. HP: 31/33 MP: 2/2
  1123 | D:2      | Reached skill level 5 in Axes
  1433 | D:2      | Noticed Sigmund
  1443 | D:2      | Killed Sigmund
  1443 | D:2      | Reached skill level 7 in Axes
  1443 | D:2      | Reached XP level 4. HP: 14/40 MP: 3/3
  1443 | D:2      | Reached XP level 5. HP: 16/46 MP: 4/4
  1899 | D:3      | Reached XP level 6. HP: 42/52 MP: 5/5
  1925 | D:3      | Reached skill level 8 in Axes
  2532 | D:4      | Noticed Natasha
  2537 | D:4      | Reached *** piety under Trog
  2537 | D:4      | Reached skill level 9 in Axes
  2541 | D:4      | Killed Natasha
  2580 | D:4      | Reached XP level 7. HP: 30/58 MP: 6/6
  2615 | D:4      | Noticed Natasha
  2621 | D:4      | Killed Natasha
  2629 | D:4      | Found a glowing silver altar of Zin.
  2630 | D:4      | Found a radiant altar of Vehumet.
  2630 | D:4      | Found a sparkling altar of Nemelex Xobeh.
  2631 | D:4      | Found a sacrificial altar of Ru.
  2825 | D:4      | Reached skill level 10 in Axes
  2870 | D:4      | Cast into level 1 of the Abyss (orc)
  2952 | Abyss:1  | Noticed a large abomination
  2956 | Abyss:1  | Noticed a wretched star
  2956 | Abyss:1  | Mangled by a small abomination

Skill      XL: |  1  2  3  4  5  6  7 |
---------------+----------------------+-----
Axes           | 4 7 9 10 | 10.9
Fighting       | |  3.9
Armour         | |  2.5
Dodging        | |  2.3

Action                   |  1- 3 |  4- 6 |  7- 9 || total
-------------------------+-------+-------+-------++-------
Melee: Hand axe          |    66 |    84 |    41 ||   191
       Headbutt          |     6 |     7 |     7 ||    20
Invok: Berserk           |     3 |     2 |     1 ||     6
  Use: Scroll            |       |     1 |     1 ||     2
 Stab: Sleeping          |     1 |       |       ||     1
  Eat: Chunk             |     3 |     7 |     2 ||    12
Armor: Animal skin       |     8 |     7 |     7 ||    22
Dodge: Dodged            |    32 |    46 |    30 ||   108
